Map: Cerulean Fall LE

Players

ImABaller

  • Race: Terran Terran
  • League: Diamond
  • Spawn Location: 1:00

Gaia - Winner!

  • Race: Protoss Protoss
  • League: Diamond
  • Spawn Location: 7:00

VOD

Have the link to the VOD?

Description

It's long, but I think your viewer's will enjoy. The opponent is very BM

Time

  • Played on: Sept. 4, 2018, 5:59 p.m.
  • Length: 39:12
Show
View Real Time Build Order
Export as new Build Order

ImABaller Terran 

Build Orders: Cyclone Opening 

Get SALT Encoding   

  12  0:01  SCV  
  13  0:13  SCV  
  14  0:17  Supply Depot  
  14  0:25  SCV  
  15  0:39  SCV  
  15  0:40  Barracks  
  16  0:47  Refinery  
  16  0:51  Refinery  
  16  0:55  SCV  
  17  1:07  Supply Depot, SCV  
  18  1:27  Orbital Command  
  17  1:37  Factory  
  17  1:45  Barracks Reactor  
  17  1:54  SCV  
  18  2:07  SCV  
  19  2:19  SCV  
  20  2:31  Cyclone x2  
  20  2:32  Supply Depot  
  20  2:36  SCV  
  27  2:48  SCV  
  28  3:01  Supply Depot  
  28  3:03  Cyclone  
  31  3:22  Cyclone  
  34  3:35  Cyclone  
  34  3:38  Supply Depot  
  37  3:47  Supply Depot  
  37  3:53  Starport  
  37  4:02  Cyclone  
  40  4:16  Command Center  
  40  4:40  Liberator  
  37  5:23  Liberator  
  37  5:29  Orbital Command  
  37  5:30  Command Center  
  37  5:40  Barracks Tech Lab  
  40  5:54  Cyclone  
  40  5:55  Cyclone  
  46  6:00  SCV x2  
  48  6:06  Liberator  
  31  6:24  Barracks  
  34  6:43  Orbital Command  
  34  6:50  Engineering Bay  
  34  6:51  Orbital Command  
  34  6:52  Stimpack, Barracks  
  34  6:54  Barracks  
  34  6:58  SCV  
  35  7:09  SCV  
  35  7:10  SCV  
  35  7:14  Barracks Tech Lab  
  37  7:20  Terran Infantry Weapons Level 1  
  37  7:21  SCV  
  38  7:27  SCV  
  38  7:28  SCV  
  40  7:33  SCV  
  41  7:39  SCV  
  41  7:40  SCV, Barracks Reactor x2  
  43  7:45  SCV  
  43  7:47  Missile Turret  
  44  7:54  Missile Turret  
  44  7:57  Missile Turret  
  44  8:00  Missile Turret  
  44  8:09  Marauder x2  
  48  8:20  Marine x4  
  48  8:21  Starport Reactor, Widow Mine x2  
  53  8:30  Refinery, Marine x2  
  53  8:31  Refinery  
  53  8:34  Engineering Bay  
  55  8:38  SCV x3, Marine  
  59  8:47  Marine x3  
  59  8:48  Marine x2  
  63  8:50  SCV x3  
  63  8:55  Marine, Concussive Shells  
  67  8:57  Missile Turret  
  67  8:59  Medivac  
  67  9:01  Medivac  
  67  9:02  SCV x3  
  73  9:07  Armory  
  73  9:09  Terran Infantry Armor Level 1  
  75  9:16  SCV  
  75  9:17  SCV x2  
  78  9:25  Missile Turret, Liberator  
  78  9:28  SCV  
  78  9:29  SCV  
  80  9:40  SCV  
  80  9:41  SCV  
  85  9:53  Sensor Tower, Orbital Command  
  85  10:00  Refinery  
  85  10:02  Terran Infantry Weapons Level 2  
  85  10:04  Refinery  
  85  10:12  Supply Depot  
  85  10:13  Supply Depot  
  85  10:15  Supply Depot  
  85  10:17  Supply Depot  
  85  10:18  Liberator  
  85  10:19  Command Center  
  85  10:21  Missile Turret  
  85  10:33  Marine x5  
  85  10:34  SCV x3  
  85  10:35  Missile Turret, Marine  
  97  10:38  Sensor Tower  
  97  10:39  Bunker  
  97  10:46  SCV x3  
  100  10:53  Terran Ship Weapons Level 1  
  100  10:58  SCV x2  
  100  10:59  Starport, SCV  
  103  11:10  SCV x2  
  103  11:11  SCV  
  106  11:17  Combat Shield  
  106  11:19  Terran Infantry Armor Level 2  
  106  11:22  SCV x2, Marine x3  
  106  11:23  SCV, Marine x3  
  115  11:29  Armory  
  115  11:30  Cyclone x2  
  121  11:34  SCV x2  
  121  11:35  SCV  
  121  11:38  Command Center  
  124  11:40  Marine x5  
  124  11:46  SCV  
  130  11:50  Missile Turret  
  130  12:02  Supply Depot x2  
  130  12:04  Supply Depot x2  
  130  12:06  Supply Depot, Liberator x2  
  130  12:07  Supply Depot  
  130  12:09  Supply Depot  
  130  12:20  Starport Tech Lab  
  130  12:21  Terran Vehicle And Ship Armor Level 1  
  130  12:25  Starport  
  130  12:26  Supply Depot x2  
  130  12:29  Fusion Core  
  136  12:30  Supply Depot  
  136  12:34  SCV x3  
  139  12:43  Refinery  
  139  12:46  SCV  
  139  12:47  SCV x2  
  139  12:49  Missile Turret, Liberator x2  
  142  12:58  Marine x6  
  143  12:59  Cyclone  
  143  13:01  Refinery  
  143  13:03  Starport Reactor  
  143  13:04  Terran Ship Weapons Level 2  
  151  13:07  Liberator  
  151  13:08  Orbital Command  
  137  13:15  Marine  
  137  13:16  Marine x5  
  137  13:19  Planetary Fortress  
  146  13:28  Liberator  
  146  13:32  Liberator x2  
  146  13:44  Marauder x2, Marine x3  
  146  13:45  Cyclone x2  
  162  13:50  Liberator  
  162  13:52  Advanced Ballistics  
  168  14:08  Sensor Tower  
  171  14:11  Medivac  
  171  14:13  Marine x2  
  175  14:17  Cyclone  
  175  14:19  Terran Vehicle And Ship Armor Level 2  
  178  14:28  Medivac  
  180  14:32  Medivac x2  
  184  14:38  Command Center  
  184  14:41  Medivac  
  186  14:51  Command Center  
  177  15:44  Liberator  
  177  15:45  Liberator x4  
  171  16:27  Liberator  
  171  16:28  Liberator x4  
  168  16:33  Marine  
  168  16:34  Marine x5  
  180  16:51  Marine x4  
  160  16:55  Planetary Fortress  
  160  16:57  Orbital Command  
  160  16:58  Missile Turret  
  160  17:09  Refinery  
  160  17:10  Liberator  
  160  17:14  Marine x5, Command Center  
  160  17:15  Refinery, Marine  
  166  17:18  Terran Vehicle And Ship Armor Level 3, Terran Ship Weapons Level 3  
  166  17:19  Terran Infantry Armor Level 3, Terran Infantry Weapons Level 3  
  166  17:22  Refinery  
  166  17:23  Refinery  
  166  17:26  Command Center  
  166  17:29  Command Center  
  169  17:32  Marine x6  
  175  17:43  Starport  
  175  17:44  Starport  
  175  17:47  Hellion x2  
  175  17:48  Starport  
  175  17:49  Sensor Tower  
  175  17:50  Marine x6  
  185  17:53  Missile Turret  
  185  17:57  Missile Turret x3  
  185  17:58  Missile Turret  
  185  18:03  SCV x7  
  192  18:08  Marine x4, Hellion x2  
  200  18:29  Sensor Tower  
  200  18:37  Sensor Tower  
  200  18:47  Sensor Tower  
  200  19:07  Starport Tech Lab x3  
  200  19:15  Starport x2  
  200  19:17  Starport  
  164  19:55  Terran Vehicle Weapons Level 1  
  164  19:56  Hi-Sec Auto Tracking  
  164  19:59  Viking x8  
  159  20:29  Viking x8  
  159  20:30  Planetary Fortress  
  159  20:33  Refinery  
  159  20:34  Orbital Command  
  175  20:37  Planetary Fortress  
  175  20:46  Starport Tech Lab  
  175  20:47  Missile Turret, Starport Tech Lab x2  
  175  20:48  Refinery, Missile Turret, Cloaking Field  
  175  20:49  Hyperflight Rotors  
  175  20:50  Missile Turret x3  
  175  20:53  Structure Armor  
  175  20:54  Refinery  
  175  20:56  Refinery, Ghost Academy  
  175  20:59  Viking x6  
  187  21:12  Missile Turret  
  187  21:15  Missile Turret x2  
  184  21:24  Sensor Tower  
  184  21:33  Banshee x5  
  199  21:41  Sensor Tower  
  199  21:42  Sensor Tower  
  167  22:15  Factory Tech Lab  
  163  22:33  Viking x11  
  185  22:40  Smart Servos  
  184  23:03  Viking x8  
  197  23:30  Sensor Tower  
  197  23:32  Viking  
  199  23:51  Sensor Tower  
  196  24:56  Command Center  
  196  25:00  Command Center  
  196  25:04  Command Center  
  196  25:08  Command Center x2  
  194  25:17  Command Center x2  
  194  25:19  Command Center  
  183  25:23  Command Center  
  151  25:41  Viking x6  
  151  25:42  Viking x5  
  128  26:02  Marine  
  128  26:03  Marine x5  
  124  26:11  Viking x8  
  124  26:12  Viking x3  
  124  26:16  Planetary Fortress x2  
  146  26:20  Marine  
  146  26:21  Refinery, Marine x5  
  152  26:36  Refinery  
  152  26:38  Marine x4  
  146  26:41  Viking x3  
  108  27:04  Banshee x4  
  108  27:05  Banshee x3  
  108  27:06  Marine  
  108  27:07  Marine x5  
  115  27:24  Marine x4  
  115  27:25  Marine x2  
  113  27:42  Marine x3  
  110  27:47  Banshee x5  
  110  27:48  Banshee x2  
  114  28:25  Planetary Fortress x3  
  114  28:26  Planetary Fortress  
  126  28:36  SCV x8  
  126  28:37  SCV x2  
  136  28:51  Sensor Tower  
  135  28:55  Command Center  
  106  29:12  Battlecruiser x3  
  106  29:13  Battlecruiser x2  
  106  29:14  Marine x2  
  106  29:15  Marine x4  
  133  29:18  Thor  
  139  29:32  Marine x2  
  141  29:38  Barracks x4  
  141  29:41  Barracks  
  135  29:45  Barracks  
  135  29:48  Barracks  
  135  29:50  Barracks  
  135  29:51  Barracks  
  135  29:52  Barracks  
  115  30:17  Battlecruiser x3  
  109  30:37  Barracks Tech Lab x6  
  109  30:38  Barracks Tech Lab  
  109  30:54  Barracks  
  109  30:55  Barracks  
  109  30:56  Barracks  
  109  30:57  Barracks  
  109  30:59  Barracks  
  109  31:01  Barracks x2  
  111  31:04  Marauder x7  
  117  31:16  Factory  
  117  31:20  Starport Reactor  
  125  31:25  Marauder  
  125  31:26  Marauder x6  
  131  31:40  Engineering Bay, Barracks Reactor  
  131  31:41  Barracks Reactor x2  
  131  31:47  Marauder x7  
  127  32:08  Marauder x6  
  90  32:24  Barracks Tech Lab x7  
  90  32:29  Marauder  
  100  32:30  Marauder x3  
  100  32:32  Engineering Bay  
  73  32:51  Marauder x7  
  85  33:12  Marauder x6  
  91  33:13  Marauder  
  91  33:15  Medivac  
  91  33:16  Medivac x2  
  97  33:33  Marauder  
  97  33:34  Marauder x6  
  100  33:45  Medivac  
  87  33:55  Marauder x6  
  87  34:03  Marauder  
  87  34:06  Medivac x2  
  91  34:15  Medivac  
  91  34:16  Marauder x2, Marine x2  
  91  34:17  Marauder x2  
  103  34:23  Marine  
  104  34:32  Missile Turret  
  104  34:34  Marine x2  
  104  34:35  Barracks  
  104  34:36  Missile Turret  
  104  34:37  Barracks, Marine  
  107  34:39  Barracks  
  107  34:40  Barracks  
  107  34:41  Barracks  
  107  34:42  Barracks  
  107  34:43  Barracks  
  107  34:46  Marine x4  
  107  34:48  Medivac x2  
  107  34:50  Command Center  
  107  34:52  Marine x2  
  117  34:55  Marine  
  113  35:04  Marine x3  
  113  35:05  Marauder  
  112  35:10  Marauder  
  112  35:11  Command Center  
  95  35:36  Marine  
  95  35:37  Marine x2  
  98  36:03  Planetary Fortress  
  92  36:07  Missile Turret  
  92  36:10  Supply Depot  
  91  36:30  Supply Depot  
  91  36:32  Marine  
  91  36:33  Marine x2  
  91  36:37  Marine x2  
  91  36:38  Marine x4  
  91  36:39  Marine  
  88  36:54  SCV x5  
  93  37:06  SCV x5  
  94  37:18  SCV x2  
  87  37:33  Barracks Tech Lab x5  
  87  37:34  Barracks Tech Lab x2  
  87  37:35  Marauder x4  
  87  37:36  Marauder x3  
  77  37:57  Marauder x3, Planetary Fortress  
  73  38:09  Sensor Tower  
  73  38:14  SCV  
  73  38:15  SCV x3, Command Center  
  75  38:26  SCV  
  75  38:27  SCV x3  
  73  38:30  Marauder x3  
  73  38:31  Marauder x2  
  82  38:39  SCV x3  
  58  38:51  SCV x3  
Show
View Real Time Build Order
Export as new Build Order

Gaia Protoss - Winner!

Build Orders:  

Get SALT Encoding   

  12  0:00  Probe  
  13  0:12  Probe  
  14  0:19  Pylon  
  14  0:24  Probe  
  15  0:33  Probe  
  15  0:38  Gateway  
  15  0:41  Probe  
  16  0:46  Assimilator  
  17  0:52  Probe  
  18  1:04  Probe  
  18  1:05  Pylon  
  18  1:10  Gateway  
  19  1:16  Probe  
  20  1:26  Cybernetics Core  
  20  1:29  Zealot  
  22  1:34  Probe  
  22  1:39  Assimilator  
  23  1:46  Probe  
  24  1:53  Stalker  
  24  1:54  Stalker  
  24  1:58  Probe  
  29  2:10  Probe  
  29  2:11  Warp Gate  
  30  2:22  Pylon  
  30  2:42  Nexus  
  30  2:47  Sentry  
  30  2:50  Sentry  
  34  3:06  Probe  
  34  3:07  Pylon  
  33  3:20  Probe  
  34  3:29  Shield Battery  
  34  3:30  Shield Battery  
  34  3:32  Probe  
  35  3:37  Robotics Facility  
  35  3:44  Probe  
  32  3:56  Probe  
  32  4:02  Probe  
  38  4:07  Pylon  
  38  4:08  Probe  
  35  4:19  Gateway  
  35  4:22  Stalker x2, Pylon  
  37  4:32  Shield Battery  
  37  4:34  Shield Battery  
  37  4:36  Immortal  
  22  4:50  Stalker  
  22  4:51  Sentry  
  30  5:12  Immortal, Stalker  
  30  5:13  Stalker  
  36  5:30  Stalker  
  38  5:38  Stalker  
  38  5:42  Sentry  
  42  5:54  Stalker  
  44  5:57  Pylon  
  34  6:28  Probe  
  34  6:30  Sentry  
  34  6:32  Nexus  
  37  6:34  Sentry  
  39  6:40  Probe  
  40  6:52  Probe, Pylon  
  41  7:03  Forge  
  41  7:04  Probe  
  42  7:16  Probe  
  42  7:20  Stalker  
  45  7:23  Stalker  
  45  7:26  Protoss Ground Armor Level 1  
  45  7:29  Probe  
  48  7:41  Probe  
  49  7:45  Observer  
  49  7:46  Probe  
  50  7:53  Probe  
  52  7:58  Probe  
  53  8:05  Probe  
  53  8:09  Stalker x2  
  58  8:25  Probe  
  58  8:26  Probe  
  58  8:30  Photon Cannon  
  58  8:38  Probe, Twilight Council, Pylon  
  59  8:46  Immortal  
  63  8:53  Protoss Ground Weapons Level 1  
  64  9:02  Charge, Photon Cannon  
  63  9:10  Nexus  
  63  9:15  Assimilator  
  63  9:17  Probe  
  64  9:29  Zealot  
  66  9:33  Probe  
  66  9:38  Stalker  
  69  9:46  Pylon  
  69  9:51  Probe x2, Gateway  
  70  10:03  Probe  
  70  10:05  Templar Archives  
  71  10:08  Zealot x2  
  71  10:10  Probe  
  76  10:15  Probe  
  76  10:18  Assimilator  
  77  10:22  Probe  
  78  10:34  Protoss Ground Armor Level 2, Robotics Bay  
  78  10:35  Observer  
  78  10:36  Stalker  
  78  10:37  Stalker, Pylon  
  83  10:50  Probe  
  83  10:51  Probe x2  
  83  10:53  Zealot  
  88  10:58  Psionic Storm  
  88  11:02  Probe  
  88  11:03  Probe x2  
  91  11:06  Forge  
  91  11:10  Assimilator  
  91  11:15  Assimilator  
  91  11:16  Zealot  
  93  11:25  Probe  
  94  11:26  Probe x2  
  96  11:34  Pylon  
  96  11:37  Probe  
  96  11:38  Probe x2  
  99  11:40  Colossus  
  99  11:41  Stalker  
  99  11:42  Stalker  
  103  11:49  Probe  
  103  11:50  Probe  
  103  11:54  High Templar  
  113  11:55  High Templar  
  113  11:57  Probe  
  116  12:14  Protoss Ground Weapons Level 2  
  116  12:22  Protoss Ground Armor Level 3  
  116  12:24  Colossus  
  116  12:28  Extended Thermal Lance  
  116  12:29  Nexus  
  116  12:32  Gateway  
  122  12:38  Gateway  
  122  12:43  Gateway  
  122  12:46  Pylon  
  122  12:48  Pylon  
  122  12:54  Blink  
  122  12:58  Pylon  
  122  13:05  Stalker x2  
  126  13:11  Pylon  
  126  13:21  Colossus  
  132  13:28  Gateway  
  132  13:29  Gateway  
  131  13:40  Stalker x4  
  135  13:43  High Templar  
  135  13:44  Probe  
  138  14:02  Stargate  
  138  14:06  Probe x2  
  138  14:07  Stargate  
  140  14:10  Probe, Pylon  
  140  14:14  Probe  
  140  14:15  Photon Cannon  
  140  14:16  Photon Cannon  
  142  14:18  Probe  
  143  14:24  High Templar x2  
  147  14:31  Probe  
  147  14:32  Probe  
  147  14:35  Gateway  
  147  14:37  Probe  
  147  14:38  Gateway  
  150  14:39  Assimilator  
  150  14:44  Assimilator  
  149  14:51  Zealot x5  
  159  14:59  High Templar x2  
  163  15:11  Probe  
  122  15:30  Stalker x2, Zealot  
  122  15:31  Zealot x2  
  118  15:37  Nexus  
  118  15:53  Stalker x2  
  118  15:54  Stalker x4  
  124  16:10  Probe  
  113  16:11  Pylon  
  110  16:24  Stalker x4  
  85  16:35  Stalker  
  85  16:36  Stalker  
  85  16:39  Probe  
  82  16:49  Probe  
  82  16:50  Probe  
  84  17:01  Probe  
  85  17:11  Fleet Beacon  
  85  17:25  Cybernetics Core  
  85  17:27  Probe  
  86  17:38  Assimilator  
  86  17:39  Carrier  
  86  17:42  Assimilator  
  86  17:48  Zealot x6  
  98  17:56  Nexus  
  98  17:57  Pylon  
  104  18:04  Robotics Facility  
  104  18:11  Twilight Council  
  104  18:16  Graviton Catapult  
  104  18:26  Stargate  
  104  18:29  Stalker x6  
  116  18:34  Gateway  
  116  18:35  Gateway  
  116  18:36  Gateway  
  116  18:38  Pylon  
  116  19:01  Stargate  
  122  19:05  Stalker x5  
  122  19:09  Probe x2  
  115  19:41  Zealot  
  115  19:42  Zealot x6  
  105  20:04  Assimilator  
  103  20:08  Assimilator  
  103  20:11  Gateway x2  
  103  20:12  Zealot x7  
  85  20:26  Probe  
  85  20:27  Probe  
  85  20:31  Probe  
  85  20:34  Probe  
  85  20:35  Probe  
  87  20:41  Stalker x4  
  87  20:42  Stalker  
  98  20:44  Probe  
  98  20:46  Probe  
  98  20:48  Probe x2  
  101  20:56  Probe  
  103  20:59  Probe  
  103  21:00  Probe  
  105  21:24  Templar Archives  
  105  21:27  Probe  
  105  21:30  Probe x2  
  105  21:31  Probe  
  109  21:35  Probe  
  110  21:42  Probe  
  110  21:43  Probe x2  
  110  21:44  Probe  
  112  21:54  Probe  
  73  22:12  Stalker x4  
  73  22:13  Stalker x5  
  81  22:20  Probe  
  81  22:21  Probe x2  
  84  22:23  Probe  
  85  22:32  Probe  
  85  22:33  Probe  
  87  22:38  Stalker  
  87  22:39  Stalker x2  
  93  22:45  Probe  
  94  22:53  Probe  
  94  22:55  High Templar  
  94  22:56  High Templar x5  
  97  23:15  Stalker x2  
  97  23:16  Stalker  
  97  23:19  Probe  
  105  23:20  Probe x2, Protoss Ground Weapons Level 3  
  105  23:21  Probe, Pylon  
  107  23:31  Probe  
  107  23:32  Probe  
  105  23:42  Stalker x4  
  105  23:43  Stalker  
  105  23:44  Stalker x4  
  123  23:49  Probe  
  123  23:54  Robotics Facility  
  124  23:56  Probe x2  
  124  23:58  Probe  
  124  23:59  Stargate  
  119  24:14  Stalker x5  
  117  24:25  Zealot x4  
  123  24:34  Observer  
  123  24:43  Stalker x3  
  123  24:44  Stalker x2  
  134  24:52  Robotics Facility  
  134  24:54  Pylon  
  134  24:58  Stalker x4  
  142  25:06  High Templar  
  144  25:07  High Templar x3  
  125  25:38  High Templar x3  
  118  25:47  Stalker x5  
  118  26:01  Stalker  
  118  26:13  Stalker x3  
  118  26:14  Stalker x3  
  118  26:18  Probe  
  131  26:19  Probe  
  132  26:28  Probe  
  132  26:30  Observer  
  101  27:05  Stalker x5  
  101  27:06  Stalker x4  
  107  27:18  Observer  
  100  27:31  Stalker x7  
  100  27:32  Stalker x2  
  118  27:49  Probe  
  119  27:57  Observer  
  109  28:07  Stalker x5  
  109  28:10  Stalker x2  
  109  28:11  Stalker x2  
  113  28:28  Pylon  
  113  28:32  High Templar  
  113  28:33  High Templar x2  
  119  28:34  Stalker  
  119  28:38  Nexus  
  121  28:44  Pylon  
  121  28:47  Zealot x5  
  123  29:12  Stalker x7  
  137  29:24  High Templar  
  137  29:25  High Templar  
  141  29:35  Probe  
  141  29:38  Pylon  
  141  29:45  Dark Shrine  
  140  30:01  Observer, Immortal  
  140  30:05  Probe  
  142  30:09  Stalker x6  
  142  30:10  Stalker x3  
  164  30:18  Probe x2  
  166  30:27  Assimilator  
  156  30:31  Assimilator  
  148  30:45  Stalker x4  
  148  30:46  Stalker x5  
  166  30:52  Pylon  
  165  31:14  Dark Templar  
  165  31:15  Dark Templar x3  
  173  31:29  Zealot x3  
  173  31:30  Stalker x2  
  147  32:09  Observer  
  138  32:20  Stalker x4  
  138  32:21  Stalker x3  
  144  32:32  Zealot x2  
  136  32:47  Zealot x7  
  150  32:52  Gateway  
  150  32:53  Gateway  
  150  32:54  Gateway  
  146  33:13  High Templar x4  
  146  33:14  Zealot x3  
  146  33:15  Zealot  
  154  33:28  Zealot  
  128  34:00  Zealot  
  128  34:01  Zealot x8  
  138  34:22  Probe  
  139  34:31  Stalker x3  
  139  34:32  Stalker x8  
  139  34:35  Nexus  
  139  34:37  Pylon  
  161  34:50  Fleet Beacon  
  161  34:52  Stargate  
  161  34:59  Zealot x6  
  173  35:00  Zealot x6  
  185  35:11  Protoss Shields Level 1  
  185  35:15  Observer  
  184  35:45  Probe  
  184  35:49  Stalker x5  
  185  35:50  Stalker x4  
  185  35:56  Nexus  
  177  36:05  High Templar x3  
  183  36:16  Probe x2  
  185  36:29  Assimilator  
  183  36:33  Assimilator  
  161  36:41  Nexus  
  161  36:43  Pylon  
  161  36:44  Zealot x5  
  153  36:55  High Templar x7  
  153  36:59  Archon x2  
  153  37:00  Archon  
  167  37:05  Immortal  
  147  37:33  Zealot x2  
  147  37:34  Zealot  
  141  37:42  Zealot x4  
  141  37:43  Zealot x2  
  129  38:00  Assimilator  
  129  38:04  Assimilator, Stalker  
  129  38:05  Stalker x8  
  142  38:06  Stalker  
  142  38:07  Stalker x2  
  130  38:53  Stalker x10  
  130  38:54  Stalker  
Tags
 
Add a new tag
Caveats
  • Supply blocks, unpowered buildings, or Contaminate may cause inaccurate times.
  • Supply counts are checked every 10 seconds.